[Event "Tirnavia Reti Memorial-IM 2022"]
[Site "Trnava"]
[Date "2022.08.12"]
[Round "3.6"]
[White "Straka, Jozef"]
[Black "Papp, Levente"]
[Result "1/2-1/2"]
[ECO "D46"]
[WhiteElo "2300"]
[BlackElo "2394"]
[Annotator "TA"]
[PlyCount "38"]
[EventDate "2022.08.10"]
[EventType "tourn"]
[EventCountry "SVK"]
[SourceTitle "playchess.com"]
[Source "ChessBase"]
[SourceQuality "1"]
[TimeControl "40/5400+30:1800+30"]

1. d4 d5 2. c4 c6 3. Nf3 Nf6 4. e3 e6 5. Nbd2 Nbd7 6. Bd3 Be7 7. O-O O-O 8. e4 dxe4 9. Nxe4 c5 10. Nxc5 Nxc5 11. dxc5 Qc7 {[%emt 0:00:45] is the legacy move (11...Bxc5).} 12. Qc2 Qxc5 13. Re1 {[%emt 0:06:15] [#] D46: Semi-Slav: 5 e3 Nbd7 6 Bd3, Black avoids the Meran.} (13. Be3 $5 Qa5 14. Bd2 $14) 13... b6 $146 ({Predecessor:} 13... h6 14. Re5 Qc7 15. Bxh6 gxh6 16. Qd2 Ng4 17. Rh5 Rd8 18. h3 Bg5 19. Nxg5 Qh2+ 20. Kf1 Qh1+ {1-0 (54) Vitak,P (2181)-Vojta,P (2194) Czech Republic 2006}) 14. Be3 (14. Bd2 {seems wilder.} h6 15. Ne5 Bb7 16. Re3) 14... Qc7 15. Bd4 {[%emt 0:00:57] White has an edge.} h6 16. Be5 Qc5 17. Bd4 Qc7 18. Be5 Qc5 19. Bd4 Qc7 $1 {[%emt 0:00:06] Weighted Error Value: White=0.16 (very precise) /Black=0.04 (flawless)} 1/2-1/2

[Event "Tirnavia Reti Memorial-IM 2022"]
[Site "Trnava"]
[Date "2022.08.12"]
[Round "3.7"]
[White "Lanc, Alois"]
[Black "Skreno, Vladimir"]
[Result "1-0"]
[ECO "B32"]
[WhiteElo "2263"]
[BlackElo "2083"]
[Annotator "TA"]
[PlyCount "81"]
[EventDate "2022.08.10"]
[EventType "tourn"]
[EventCountry "SVK"]
[SourceTitle "playchess.com"]
[Source "ChessBase"]
[SourceQuality "1"]
[TimeControl "40/5400+30:1800+30"]

1. e4 c5 2. Nf3 Nc6 3. d4 cxd4 4. Nxd4 e5 5. Nb5 a6 6. Nd6+ Bxd6 7. Qxd6 Qf6 8. Qd2 Nge7 9. Nc3 d6 {[%emt 0:04:16] B32: Sicilian: Löwenthal and Kalashnikov Variations.} 10. b3 O-O 11. Bb2 Rd8 {[%emt 0:12:15] The position is equal.} 12. O-O-O {[%emt 0:01:07] [#]} Be6 $146 (12... b5 $11) ({Predecessor:} 12... b5 13. Kb1 Bb7 14. g3 Nd4 15. Bg2 Rac8 16. Rc1 b4 17. Nd5 Bxd5 18. exd5 Nb5 19. Qxb4 Qxf2 {1-0 (27) Kernazhitsky,L (2285)-O'Donnell,T (2354) Radebeul 2016}) 13. Nd5 $1 $16 Bxd5 14. exd5 Nb8 15. g3 Nd7 ({Better is} 15... Qf3 $14 16. Rg1 Nd7) 16. f4 $1 b5 17. Bg2 Rac8 18. fxe5 Nxe5 19. Be4 N7g6 20. h4 Qe7 21. Rhe1 Qc7 (21... f6 $16) 22. h5 $18 Nf8 23. Kb1 (23. g4 $18) 23... a5 (23... h6 $16 {might work better.}) 24. h6 g6 25. Rc1 $2 (25. Bxe5 $18 dxe5 26. d6) 25... Re8 (25... Nfd7 $11) 26. Qf4 (26. g4 $16) 26... f5 (26... Nfd7 $11) 27. Bg2 (27. Bd3 $16) 27... Nfd7 $14 28. Bf1 $36 {[%emt 0:00:55][%mdl 2048] White is more active.} Rb8 (28... Qc5 $11) 29. Re3 Rf8 30. Rc3 $1 Qb7 31. Bg2 Nf6 $2 {[%emt 0:00:08] [#]} (31... Ra8 $16) 32. Rc6 $1 $18 Nxc6 (32... Nh5 33. Qd2) 33. dxc6 Qe7 34. Rd1 {[%emt 0:01:26] Black must now prevent g4.} Rbd8 35. Qd4 Rf7 $2 (35... d5 36. Bf3 Kf7) 36. g4 fxg4 37. Bd5 {[%emt 0:00:43] Intending Rf1 and mate. A strong pair of Bishops.} Rdf8 38. c7 (38. Rf1 $142 Kh8 39. Bxf7 Rxf7 40. c7 Kg8 41. c8=Q+ Rf8 {[#]} 42. Rxf6 $1 Qe1+ 43. Bc1) 38... Qe5 39. Bxf7+ {[%emt 0:01:07] White mates.} Kxf7 40. Qxe5 dxe5 41. Rd8 {[%emt 0:30:09] Weighted Error Value: White=0.25 (precise) /Black=0.75} 1-0

[Event "Tirnavia Reti Memorial-IM 2022"]
[Site "Trnava"]
[Date "2022.08.12"]
[Round "3.8"]
[White "Bures, Jaroslav"]
[Black "Petran, Peter"]
[Result "1-0"]
[ECO "B15"]
[WhiteElo "2416"]
[BlackElo "2234"]
[Annotator "TA"]
[PlyCount "127"]
[EventDate "2022.08.10"]
[EventType "tourn"]
[EventCountry "SVK"]
[SourceTitle "playchess.com"]
[Source "ChessBase"]
[SourceQuality "1"]
[TimeControl "40/5400+30:1800+30"]

1. d4 g6 2. e4 Bg7 3. Nc3 c6 4. Nf3 d5 5. Bf4 Bg4 6. exd5 cxd5 7. Nb5 Na6 {[%emt 0:01:08] Inhibits Nc7+. B15: Caro-Kann: 3 Nc3: 3...g6 and 3...dxe4 4 Nxe4 Nf6 5 Nxf6+ exf6.} 8. h3 Bxf3 9. Qxf3 (9. gxf3 Bh6 10. Bxh6 Nxh6 $11) 9... Nf6 {[%emt 0:00:14] White is slightly better.} 10. Bd3 {[%emt 0:00:27] White is much more active. The black rooks are badly placed.} O-O 11. c3 {[%emt 0:00:06] Inhibits Nb4.} Qd7 12. O-O Rfc8 13. Rfe1 Nb8 14. Re2 a6 15. Na3 Nc6 16. Rae1 e6 {[%emt 0:00:41] [#]} 17. Bg5 $146 ({Predecessor:} 17. Nc2 b5 18. a3 Ne8 19. h4 Nd6 20. h5 Re8 21. Ne3 Rac8 22. h6 Bf8 23. Bxd6 Qxd6 24. Nxd5 {1-0 (29) Okhotnik,V (2405)-Cioara,A (2345) Nyiregyhaza 1998}) 17... Ne8 18. Nc2 b5 (18... f6 $1 $11 19. Bf4 e5 20. dxe5 fxe5 21. Bxe5 Nxe5 22. Rxe5 Bxe5 23. Rxe5 Nc7) 19. a3 Nd6 (19... f6 $11 {keeps the balance.}) 20. h4 f5 ({Better is} 20... Nc4 $1 $14) 21. h5 (21. Rxe6 $6 Ne4 22. Rxc6 (22. Bxe4 $2 dxe4 23. Qd1 Qxe6 $19) 22... Rxc6 $15) 21... Re8 22. Qg3 Ne4 23. Bxe4 dxe4 24. hxg6 hxg6 25. Bf4 Kf7 26. f3 $1 exf3 27. gxf3 {[%emt 0:01:02] Hoping for Rg2.} Bf6 28. Rg2 ({White should play} 28. Bg5 $16) 28... Rg8 $14 29. Bg5 Bxg5 30. Qxg5 Rae8 31. Nb4 (31. f4 $16) 31... Nxb4 32. axb4 Qd8 33. Qh6 (33. Qg3 $16) 33... Qf6 34. Qh7+ Rg7 35. Qh2 Rgg8 36. Qd6 Rh8 $1 37. Ra1 Qh4 {[%emt 0:06:35] White must now prevent ...Qh1+.} 38. Qxa6 Qf4 {[%emt 0:01:31] aiming for ...Qe3+.} 39. Rf2 $2 (39. Qxb5 $2 Qe3+ 40. Rf2 Qg5+ 41. Rg2 Qe3+ 42. Rf2 Qh6 43. Ra7+ Kf8 $19) (39. d5 $11) 39... Re7 (39... Qg5+ $142 40. Kf1 Qe3 41. Qb7+ Re7) 40. Qa2 (40. Kf1 e5 41. Qa2+ Kg7) (40. b3 $142 Qg3+ 41. Rg2 Qxf3 42. Qa2) 40... Rh3 $2 (40... Qg5+ 41. Kf1 Qe3) 41. Qa8 $2 (41. b3) 41... Rg3+ $2 (41... e5 $19 {( -> ...Qh6)} 42. Qa2+ (42. Qd8 Qg5+ 43. Rg2 Qe3+ 44. Rf2 Rg3+ 45. Kf1 Qd3+ 46. Re2 Qxf3+ 47. Ke1 Qh1+ 48. Kd2 Qxa1 49. Qd5+ Kg7 50. Kc2 Rg1 51. dxe5 Rc1+ 52. Kd3 Rd1+ 53. Rd2 Qc1 54. Ke3 Rxd2 55. Qxd2 f4+ 56. Kxf4 Qxd2+ 57. Kf3 Rxe5 58. c4 Re3+ 59. Kg4 Qg2+ 60. Kh4 Rh3#) 42... Kg7) 42. Kf1 $11 Qe3 43. Rd1 {[%emt 0:00:00] Against Qd3+} Re8 44. Qb7+ (44. Qc6 Rh3 45. Kg1 (45. f4 g5 $17) 45... Rh1+ $3 46. Kxh1 Qxf2 47. Qc7+ Re7 $19) 44... Kf6 45. Qxb5 {[%emt 0:00:30] Really sharp!} Rh8 46. Qe5+ $1 Qxe5 47. dxe5+ Kxe5 $14 {[%emt 0:00:30][%mdl 4096] Endgame KRR-KRR} 48. Ke2 f4 49. b5 g5 $1 50. c4 g4 51. Rd3 gxf3+ 52. Rdxf3 Rxf3 53. Rxf3 $11 {[%emt 0:00:30] And now c5 would win. KR-KR} Rh2+ $2 (53... Ke4 $11 {and Black stays safe.} 54. b6 Rh2+ 55. Rf2 f3+ 56. Ke1 Rh8) 54. Rf2 $18 Rh3 {[%emt 0:00:30] [#]} 55. Kd2 $1 Ke4 56. Kc2 Ke3 (56... Kd4 57. Rxf4+ Kc5) 57. Rd2 {[%emt 0:00:30] Intending Rd3+ and mate.} f3 58. b6 {[%emt 0:00:30] Strongly threatening b7.} Rh7 59. c5 Rb7 60. b4 f2 {[%emt 0:00:30] [#]} 61. Rxf2 $3 Kxf2 62. b5 {[%emt 0:00:30] Kc3 is the strong threat.} Ke3 63. Kc3 Rb8 64. Kc4 {[%emt 0:00:30] Quite a comeback for White.  Weighted Error Value: White=0.35/Black=0.72} 1-0

[Event "Tirnavia Reti Memorial-IM 2022"]
[Site "Trnava"]
[Date "2022.08.12"]
[Round "3.9"]
[White "Svana, Peter"]
[Black "Skreko, Igor"]
[Result "1-0"]
[ECO "B90"]
[WhiteElo "2280"]
[BlackElo "2193"]
[Annotator "TA"]
[PlyCount "89"]
[EventDate "2022.08.10"]
[EventType "tourn"]
[EventCountry "SVK"]
[SourceTitle "playchess.com"]
[Source "ChessBase"]
[SourceQuality "1"]
[TimeControl "40/5400+30:1800+30"]

1. e4 c5 2. Nf3 d6 3. d4 cxd4 4. Nxd4 Nf6 5. Nc3 a6 6. h3 e5 7. Nde2 h5 {[%emt 0:00:27] B90: Sicilian Najdorf: Unusual White 6th moves, 6 Be3 Ng4 and 6 Be3 e5.} 8. g3 Be7 9. Bg2 Be6 {[%emt 0:01:29] The position is equal.} 10. Nd5 (10. a4 $142) 10... Nxd5 $11 11. exd5 Bf5 12. c4 Nd7 13. O-O {[%emt 0:01:24] [#]} Qc8 $146 ({Predecessor:} 13... O-O 14. b3 b5 15. f4 exf4 16. Nxf4 Bf6 17. Ba3 Bxa1 18. Qxa1 bxc4 19. Bxd6 Qb6+ {0-1 (55) Nemeth Junior,H (2010)-Drygalov,S (2490) Chess.com INT 2021}) 14. b3 b5 15. cxb5 (15. Be3 $11) 15... axb5 $15 16. Be3 Nc5 (16... Nf6 $1 $15 17. Kh2 O-O) 17. Kh2 ({White should try} 17. Rc1 $1 $14) 17... Nd3 18. Qd2 Bf6 {[%emt 0:01:24] [#]} (18... Bd8 $11) 19. Nc3 $1 $16 Qd7 {[%emt 0:04:54] [#]} (19... O-O $142) 20. Ne4 (20. Be4 $1 $16 Nc5 21. Bxc5 dxc5 22. d6 (22. Bxf5 Qxf5 23. Nxb5 O-O $16)) 20... Bxe4 $14 21. Bxe4 Nc5 22. Bg2 (22. Bxc5 $14 dxc5 23. d6) 22... O-O 23. b4 Na4 24. Rac1 Rfc8 ({Better is} 24... e4 $14) 25. Rc6 $16 Rxc6 $2 {[%emt 0:03:58] This costs Black the game.} (25... e4 $16 {keeps fighting.}) 26. dxc6 $18 Qc7 27. Rc1 g6 28. Qd5 Rb8 29. Bf1 Nb6 30. Qxb5 Bd8 31. a4 d5 32. Bxb6 Rxb6 33. Qc5 Be7 {[%emt 0:08:22] [#]} 34. Qxb6 {[%emt 0:01:30][%mdl 512] White is clearly winning.} Qxb6 35. c7 Qxf2+ 36. Bg2 h4 37. c8=Q+ Kg7 38. Qg4 {[%emt 0:00:30] Prevents Bg5.} Qe3 39. Rc7 Bg5 {[%emt 0:00:30] And now ...hxg3+ would win.} 40. Qf3 hxg3+ 41. Kh1 Qe1+ 42. Qf1 Qf2 43. Qxf2 gxf2 44. Bf1 e4 45. Rd7 {[%emt 0:02:18] Weighted Error Value: White=0.20 (precise) /Black=0.52} 1-0

[Event "Tirnavia Reti Memorial-IM 2022"]
[Site "Trnava"]
[Date "2022.08.12"]
[Round "3.10"]
[White "Leszko, Bence"]
[Black "Konyves, Almos"]
[Result "1/2-1/2"]
[ECO "A11"]
[WhiteElo "2241"]
[BlackElo "2229"]
[Annotator "TA"]
[PlyCount "63"]
[EventDate "2022.08.10"]
[EventType "tourn"]
[EventCountry "SVK"]
[SourceTitle "playchess.com"]
[Source "ChessBase"]
[SourceQuality "1"]
[TimeControl "40/5400+30:1800+30"]

1. Nf3 d5 2. g3 c6 3. Bg2 Bg4 4. c4 e6 5. Ne5 Bf5 6. O-O {[%emt 0:02:14] A11: English Opening: 1...c6.} Nf6 7. cxd5 exd5 8. d4 Bd6 9. Nc3 Nbd7 10. Bf4 {[%emt 0:02:26][%cal Oe5c6] [#] And now Nxc6! would win.} Qe7 11. Nxd7 Qxd7 12. Bxd6 Qxd6 13. f3 Qd7 14. e4 {[%emt 0:01:34] [#]} Be6 $146 ({Predecessor:} 14... dxe4 15. fxe4 Bh3 16. Qd3 Bxg2 17. Kxg2 O-O 18. Rad1 Rad8 19. a3 Qg4 20. Rf4 Qg6 {1-0 (46) Stefanov,J-Rautenstrauch,H Krakow 1964}) 15. e5 Ng8 16. b4 Ne7 17. Qd3 Bf5 18. Qe2 O-O 19. Rae1 (19. a4) ({White should try} 19. a4 $14) 19... b5 $11 20. g4 Be6 21. h3 a5 22. a3 h5 23. Qd2 hxg4 24. fxg4 Ng6 25. Ne2 axb4 26. axb4 Ra3 27. Ra1 Rfa8 28. Rxa3 Rxa3 29. Rf3 Qa7 ({Black should play} 29... Ra1+ $15 30. Rf1 Ra6) 30. Rxa3 {[%emt 0:01:13] The position is equal.} Qxa3 31. Qc3 Qa2 32. Nc1 {[%emt 0:00:11] Weighted Error Value: White=0.08 (flawless) /Black=0.08 (flawless)} 1/2-1/2

[Event "Tirnavia Reti Memorial-IM 2022"]
[Site "Trnava"]
[Date "2022.08.13"]
[Round "4.3"]
[White "Finek, Vaclav"]
[Black "Czebe, Attila"]
[Result "1/2-1/2"]
[ECO "A27"]
[WhiteElo "2393"]
[BlackElo "2385"]
[Annotator "TA"]
[PlyCount "64"]
[EventDate "2022.08.10"]
[EventType "tourn"]
[EventCountry "SVK"]
[SourceTitle "playchess.com"]
[Source "ChessBase"]
[SourceQuality "1"]
[TimeControl "40/5400+30:1800+30"]

1. Nf3 g6 2. c4 Bg7 3. d4 d6 4. g3 e5 5. Nc3 exd4 6. Nxd4 Nc6 7. Nxc6 bxc6 8. Bg2 Ne7 9. O-O {[%emt 0:00:07] A27: English Opening: Three Knights Variation.} Be6 {[%emt 0:01:36] [#]} 10. Be3 $146 ({Predecessor:} 10. c5 d5 11. Bf4 Qd7 12. Qd2 h6 13. Rad1 g5 14. Be3 Nf5 15. Qc1 Nxe3 16. Qxe3 O-O {1-0 (38) Rakhmanov,A (2653)-Djordjevic,V (2350) Chess.com INT 2021}) 10... O-O 11. Bd4 {[%emt 0:00:18] White is slightly better.} f6 12. b3 {[%emt 0:08:32] White is more active.} Qd7 13. e4 Bh3 14. Qd3 c5 {[%emt 0:00:30] aiming for ...Bxg2.} 15. Be3 (15. Bxh3 {looks sharper.} Qxh3 16. Be3 f5 17. Nd5) 15... Bxg2 16. Kxg2 f5 17. Rae1 Bxc3 18. Qxc3 fxe4 19. Bh6 Rf7 {[%emt 0:00:09] Inhibits Qg7+. Hoping for ...Nf5.} 20. Rxe4 Nf5 21. Bg5 Qc6 22. f3 Nd4 23. Re3 h6 $2 (23... Nf5 $11) 24. Bxh6 $18 Nf5 {[%emt 0:02:53] [#]} 25. Re6 $1 {[%emt 0:03:05][%cal Og3g4] Strongly threatening g4!} Qd7 {[%emt 0:02:12] [#]} (25... Re8 26. Rxe8+) 26. Rfe1 Nxh6 $11 {[%emt 0:00:10] The position is equal.} 27. Rxg6+ Kh7 28. Ree6 {[%emt 0:02:08] Really sharp!} Nf5 {[%emt 0:00:08] ...Re8 is the strong threat.} 29. Qd3 Re8 30. Qe4 Rxe6 31. Rxe6 {[%emt 0:00:04] Threatens to win with g4.} Kg7 32. g4 Ne7 {[%emt 0:16:16] Weighted Error Value: White=0.15 (very precise) /Black=0.19 (very precise)} 1/2-1/2

[Event "Tirnavia Reti Memorial-IM 2022"]
[Site "Trnava"]
[Date "2022.08.13"]
[Round "4.4"]
[White "Stevik, Patrik"]
[Black "Velicka, Petr"]
[Result "1/2-1/2"]
[ECO "A11"]
[WhiteElo "2126"]
[BlackElo "2384"]
[Annotator "TA"]
[PlyCount "127"]
[EventDate "2022.08.10"]
[EventType "tourn"]
[EventCountry "SVK"]
[SourceTitle "playchess.com"]
[Source "ChessBase"]
[SourceQuality "1"]
[TimeControl "40/5400+30:1800+30"]

1. c4 c6 2. Nf3 d5 3. e3 Nf6 4. Nc3 Bg4 5. Qb3 Qb6 6. Qxb6 {[%emt 0:02:51] A11: English Opening: 1...c6.} (6. Ne5 {seems wilder.} Qxb3 7. axb3 Bf5 8. cxd5 Nxd5 9. Nxd5 cxd5 10. Bb5+) 6... axb6 7. cxd5 Bxf3 (7... Nxd5 {is more complex.} 8. Nxd5 cxd5 9. Ne5 Be6) 8. gxf3 {[%emt 0:00:03] White has an edge.} Nxd5 9. Nxd5 cxd5 10. Bb5+ Nc6 11. b3 e6 12. Bb2 Rg8 {[%emt 0:00:32] [#]} 13. Rg1 $146 ({Predecessor:} 13. a3 g6 14. Ke2 Kd7 15. b4 Bg7 16. d4 Rgc8 17. Rac1 Kd8 18. Bd3 Ne7 19. Kd2 Rxc1 20. Rxc1 {½-½ (25) Sunilduth Lyna,N (2575)-Bluebaum,M (2611) Zuerich 2018}) 13... g6 14. Ke2 Kd7 15. f4 Ba3 16. Bc3 Ke7 17. Rab1 Bb4 18. Bxc6 Bxc3 19. Ba4 (19. Bxd5 $11 Rxa2 20. Bxb7) 19... Bb4 $17 {[%emt 0:00:44] ...Ra5 is the strong threat.} 20. Rgc1 Bd6 {[%emt 0:00:12] Against Rc7+} 21. Bb5 Rxa2 22. Ra1 Rga8 23. Rxa2 Rxa2 {[%emt 0:00:11][%mdl 4096] Endgame KRB-KRB} 24. Ba4 Kd8 25. Kd1 Ba3 26. Rc2 Ra1+ 27. Ke2 Bd6 28. d4 h5 29. Kf3 Rb1 30. Ra2 b5 31. Bxb5 Rxb3 32. Ra8+ Ke7 33. Ba4 Rb2 34. Re8+ Kf6 35. Rd8 Bb4 36. Rc8 Be7 37. Rb8 ({White should play} 37. Rc3 $15) 37... Rb4 38. Ra8 Bd6 39. Be8 Ke7 40. h3 Rb2 41. Ba4 Ra2 42. Re8+ Kf6 43. Bb5 Rb2 44. Bd3 b5 45. Rc8 b4 46. Rc2 Rb3 47. Ke2 (47. Bb5 $142) 47... Ra3 48. Rc6 Be7 49. Rb6 b3 50. Kf3 {[%emt 0:00:37] [#]} Bd8 $1 ({Stronger than} 50... b2 51. Bc2 $11) 51. Rb7 {[%emt 0:02:25] [#]} Ba5 ({Not} 51... b2 52. Bb1 $11) ({Black should try} 51... Kg7 $1 $17 {aiming for ...Ba5.} 52. Be2 Bh4) 52. Bb5 $1 $11 {[%emt 0:04:47] The position is equal.} Bb4 (52... b2 $5 53. Be8 Kg7 54. Rxb2 Kf8 $11) 53. Be8 Be7 54. Kg2 Ra2 {[%emt 0:01:07] And now ...b2 would win.} 55. Rxb3 Kg7 56. Kg3 Kf8 57. Bd7 Bd8 58. Bb5 Ba5 59. Kf3 Kg7 60. Rb1 Bd8 61. Kg3 g5 62. fxg5 Bxg5 63. Be8 {[%emt 0:01:16] Threatens to win with Rb7.} Be7 64. Bb5 {[%emt 0:00:39] Weighted Error Value: White=0.08 (flawless) /Black=0.07 (flawless)} 1/2-1/2

[Event "Tirnavia Reti Memorial-IM 2022"]
[Site "Trnava"]
[Date "2022.08.14"]
[Round "4.6"]
[White "Papp, Levente"]
[Black "Konyves, Almos"]
[Result "1/2-1/2"]
[ECO "D37"]
[WhiteElo "2394"]
[BlackElo "2229"]
[Annotator "RC"]
[PlyCount "94"]
[EventDate "2022.08.10"]
[EventType "tourn"]
[EventCountry "SVK"]
[SourceTitle "playchess.com"]
[Source "ChessBase"]
[SourceQuality "1"]
[TimeControl "40/5400+30:1800+30"]

1. d4 Nf6 2. c4 e6 3. Nf3 d5 4. Nc3 Be7 5. Bf4 O-O 6. a3 Nbd7 7. Nb5 Ne8 8. e3 c6 9. Nc3 Nef6 10. Qc2 Re8 11. h3 dxc4 12. Bxc4 b5 13. Bd3 Bb7 14. O-O a6 15. b4 a5 16. Rab1 Nf8 17. Rfc1 Ng6 18. Bg5 axb4 19. axb4 Ra3 20. Qb2 Qa8 21. Bxg6 hxg6 22. Ne5 c5 23. bxc5 Bxg2 24. Qxb5 Ra5 25. Qe2 Bxc5 26. dxc5 Rxc5 27. f4 Bxh3 28. Qf3 Qxf3 29. Nxf3 Bf5 30. Ra1 Rec8 31. Bxf6 gxf6 32. Ne2 Rxc1+ 33. Rxc1 Rxc1+ 34. Nxc1 Bg4 35. Kf2 Kg7 36. Kg3 Bxf3 37. Kxf3 f5 38. Nd3 f6 39. Kg3 g5 40. Kf3 Kf7 41. Ke2 Ke7 42. Kd2 Kd6 43. fxg5 fxg5 44. Nf2 Ke5 45. Ke2 Kf6 46. Kf3 e5 47. e4 fxe4+ 1/2-1/2

[Event "Tirnavia Reti Memorial-IM 2022"]
[Site "Trnava"]
[Date "2022.08.13"]
[Round "4.7"]
[White "Skreko, Igor"]
[Black "Leszko, Bence"]
[Result "1/2-1/2"]
[ECO "D32"]
[WhiteElo "2193"]
[BlackElo "2241"]
[Annotator "TA"]
[PlyCount "129"]
[EventDate "2022.08.10"]
[EventType "tourn"]
[EventCountry "SVK"]
[SourceTitle "playchess.com"]
[Source "ChessBase"]
[SourceQuality "1"]
[TimeControl "40/5400+30:1800+30"]

1. d4 d5 2. c4 e6 3. Nc3 c5 4. cxd5 cxd4 5. Qa4+ Bd7 6. Qxd4 exd5 7. Qxd5 ({Reject} 7. Nxd5 Nc6 8. Qf4 Qa5+ 9. Nc3 (9. Qd2 Bb4 $17) 9... Nb4 $11) 7... Nf6 {[%emt 0:00:05] D32: Tarrasch Defence: Sidelines and lines without g3.} 8. Qd1 Bc5 9. e3 O-O $1 {[%emt 0:00:10][%mdl 4] White has an edge. now scores much better than the old 9...Nc6.} 10. Nf3 Qe7 {[%emt 0:00:08] [#]} 11. Bc4 $146 ({Predecessor:} 11. Be2 Rd8 12. O-O Nc6 13. a3 Rac8 14. Qc2 Bd6 15. Rd1 Ne5 16. Nd4 Neg4 17. g3 Rc5 18. e4 Rh5 19. Bxg4 Nxg4 20. Nd5 Qe8 21. h4 {½-½ (30) Mamedyarov,S (2759)-Boruchovsky,A (2551) Chennai 2022}) 11... Rd8 12. Qe2 Bc6 {[%emt 0:08:05] Against e4} (12... Nc6 $11) 13. O-O $14 Nbd7 14. Bb3 (14. Nd4 $16) 14... Ne5 $11 15. Nxe5 (15. Nd4 $5) 15... Qxe5 16. Ba4 Bxa4 17. Nxa4 Bd6 {[%emt 0:00:15][%csl Gd6][%cal Re5h2] [#]} 18. g3 Rac8 19. Bd2 Ne4 20. Rac1 {[%emt 0:02:29] Inhibits Rc2.} (20. Rfd1 {keeps more tension.} Rc2 21. Rac1 Ng5 22. e4) 20... Qe6 (20... Qd5 $11 21. Rxc8 Rxc8) 21. Rxc8 $1 $14 Rxc8 22. Nc3 $1 Nxd2 23. Qxd2 Bb4 24. Rc1 g6 25. a3 Ba5 26. b4 Bb6 27. Na4 Rd8 28. Qc3 h5 29. Nxb6 axb6 $16 {[%emt 0:01:06][%mdl 4096] Endgame KQR-KQR} (29... Qxb6 $16 30. Qe5 Qd6 31. Qxd6 Rxd6) 30. Qc7 Rd7 31. Qc8+ Kg7 32. Qc3+ Kh7 33. Qb2 ({White should try} 33. h4 $16) 33... h4 $1 $14 34. Qe2 h3 $1 35. Qf3 Kg7 36. g4 $1 Rd5 $1 37. Qxh3 {[%emt 0:06:54] Black must now prevent Qg3.} Rg5 $1 38. Qf3 {[%emt 0:00:30] [#] Hoping for h3.} Rxg4+ 39. Kh1 Rg5 40. Qf4 ({Avoid the trap} 40. Qxb7 $2 Rd5 41. Kg1 Qe4 $19) (40. e4 $5 ) 40... Rg4 41. Qf3 Rg5 $1 42. e4 $1 ({Don't blunder} 42. Qxb7 $2 Rd5 43. Kg1 Qe4 44. Qxd5 Qxd5 $19) 42... Re5 43. Qc3 (43. Re1 $1 $14) 43... Kh7 $1 $11 44. f3 Rh5 45. Qc7 Qf6 46. Qg3 Qb2 47. Qf4 Kg7 48. Rc7 Qb3 49. Rd7 b5 50. Rd6 Qc3 {[%emt 0:00:48] Prevents Qf6+.} 51. Kg2 Qb2+ 52. Qd2 Qe5 53. Kg1 {[%emt 0:02:14] Threatens to win with Qd4.} Qa1+ 54. Qd1 Qa2 55. Rd2 Qxa3 56. Rd7 Qe3+ 57. Kh1 Kg8 {[%emt 0:00:46] Strongly threatening ...Qf2.} 58. Rd8+ {[%emt 0:01:00] The position is equal.} Kh7 {[%emt 0:00:06] aiming for ...Qf2.} 59. Rd7 Qf2 60. Rxf7+ Kg8 61. Qd8+ Kxf7 62. Qd7+ Kf6 63. Qd6+ Kg7 64. Qc7+ $1 Kf6 65. Qd6+ {[%emt 0:00:04] Weighted Error Value: White=0.10 (very precise) /Black=0.08 (flawless)} 1/2-1/2

[Event "Tirnavia Reti Memorial-IM 2022"]
[Site "Trnava"]
[Date "2022.08.14"]
[Round "5.6"]
[White "Lanc, Alois"]
[Black "Papp, Levente"]
[Result "0-1"]
[ECO "C16"]
[WhiteElo "2263"]
[BlackElo "2394"]
[Annotator "RC"]
[PlyCount "76"]
[EventDate "2022.08.10"]
[EventType "tourn"]
[EventCountry "SVK"]
[SourceTitle "playchess.com"]
[Source "ChessBase"]
[SourceQuality "1"]
[TimeControl "40/5400+30:1800+30"]

1. e4 e6 2. d4 d5 3. Nc3 Bb4 4. e5 Ne7 5. a3 Bxc3+ 6. bxc3 b6 7. Qg4 Ng6 8. h4 h5 9. Qd1 c5 10. Bg5 f6 11. exf6 gxf6 12. Be3 Qc7 13. Bd3 Ne7 14. Nh3 cxd4 15. cxd4 Qc3+ 16. Kf1 Ba6 17. Nf4 Kd7 18. Rc1 Nf5 19. Rh3 Bxd3+ 20. cxd3 Qxa3 21. Nxh5 Rxh5 22. Qxh5 Nxe3+ 23. Rxe3 Qxc1+ 24. Re1 Qa3 25. Qh8 Qxd3+ 26. Kg1 Qc3 27. Re3 Qc1+ 28. Kh2 Qc7+ 29. Kg1 Qd8 30. Qg7+ Qe7 31. Qg8 Qe8 32. Qg7+ Kd6 33. Qxf6 Nc6 34. h5 Qe7 35. Qf4+ Kd7 36. Rg3 Rf8 37. Qg4 Qf7 38. Rf3 Qg8 0-1

[Event "Tirnavia Reti Memorial-IM 2022"]
[Site "Trnava"]
[Date "2022.08.14"]
[Round "5.7"]
[White "Bures, Jaroslav"]
[Black "Straka, Jozef"]
[Result "1/2-1/2"]
[ECO "C29"]
[WhiteElo "2416"]
[BlackElo "2300"]
[Annotator "RC"]
[PlyCount "60"]
[EventDate "2022.08.10"]
[EventType "tourn"]
[EventCountry "SVK"]
[SourceTitle "playchess.com"]
[Source "ChessBase"]
[SourceQuality "1"]
[TimeControl "40/5400+30:1800+30"]

1. e4 e5 2. Nc3 Nf6 3. f4 d5 4. fxe5 Nxe4 5. Qf3 Nxc3 6. dxc3 Be6 7. Ne2 Nd7 8. Qg3 c5 9. Nf4 Qb6 10. Be2 Nxe5 11. Nxd5 Bxd5 12. Qxe5+ Be6 13. O-O O-O-O 14. Rxf7 Rd5 15. Rc7+ Kb8 16. Rxb7+ Kxb7 17. Bf3 Qc6 18. Qe2 c4 19. Kh1 Bc5 20. b3 Rf8 21. bxc4 Rxf3 22. Rb1+ Bb6 23. cxd5 Bxd5 24. c4 Qe6 25. Qd1 Rf2 26. cxd5 Qe4 27. Qg1 Rxg2 28. Rxb6+ axb6 29. Qxg2 Qe1+ 30. Qg1 Qe4+ 1/2-1/2

[Event "Tirnavia Reti Memorial-IM 2022"]
[Site "Trnava"]
[Date "2022.08.14"]
[Round "5.8"]
[White "Svana, Peter"]
[Black "Skreno, Vladimir"]
[Result "1-0"]
[ECO "B32"]
[WhiteElo "2280"]
[BlackElo "2083"]
[Annotator "RC"]
[PlyCount "61"]
[EventDate "2022.08.10"]
[EventType "tourn"]
[EventCountry "SVK"]
[SourceTitle "playchess.com"]
[Source "ChessBase"]
[SourceQuality "1"]
[TimeControl "40/5400+30:1800+30"]

1. e4 c5 2. Nf3 Nc6 3. d4 cxd4 4. Nxd4 e5 5. Nb5 a6 6. Nd6+ Bxd6 7. Qxd6 Qe7 8. Qd2 Nf6 9. Nc3 d6 10. b3 b5 11. Bb2 O-O 12. O-O-O Rd8 13. Nd5 Nxd5 14. exd5 Nb8 15. f4 f6 16. Kb1 Nd7 17. g4 exf4 18. Qxf4 Ne5 19. Rg1 Re8 20. Rg3 Bd7 21. Qd4 a5 22. h4 b4 23. g5 f5 24. h5 Rf8 25. Qf4 Rac8 26. Re1 Rfe8 27. Rge3 Qf7 28. h6 Qxd5 29. hxg7 Qd2 30. Bd3 Nxd3 31. Rxe8+ 1-0